 Dungeon Crawl Stone Soup version 0.31-a0-744-gbc345e7fcb (webtiles) character file.

Game seed: 16996488146300289462

3630 Iich the Blocker (level 9, 0/124 HPs)
             Began as a Minotaur Fighter on Sept 13, 2023.
             Was a Priest of Okawaru.
             Succumbed to Amaemon's poison
             ... on level 7 of the Dungeon.
             The game lasted 00:10:33 (7941 turns).

Iich the Blocker (Minotaur Fighter)                 Turns: 7941, Time: 00:10:34

Health: 0/124      AC: 24    Str: 24    XL:     9   Next: 87%
Magic:  7/8        EV:  2    Int:  5    God:    Okawaru [***...]
Gold:   377        SH:  6    Dex: 11    Spells: 8/8 levels left

rFire   . . .        a - +0 war axe (venom)
rCold   . . .        c - +0 buckler
rNeg    . . .        b - melded +0 scale mail
rPois   +            (helmet currently unavailable)
rElec   .            w - melded +1 cloak {Stlth+}
rCorr   .            (gloves currently unavailable)
SInv    .            (boots currently unavailable)
Will    .....        v - amulet of guardian spirit
Stlth   +            (no ring)
HPRegen 0.40/turn    (no ring)
MPRegen 0.11/turn

%: guardian spirit
@: lethally poisoned (0 -> -31), tree-form, attractive
A: stationary, stasis, torment immunity, boosted hp, (horns 2), (retaliatory
headbutt)
a: Renounce Religion, Heroism


You were on level 7 of the Dungeon.
You worshipped Okawaru.
Okawaru was most pleased with you.
You were a tree.
You visited 2 branches of the dungeon, and saw 9 of its levels.

You collected 377 gold pieces.

Inventory:

Hand Weapons
 a - a +0 war axe of venom (weapon)
Armour
 b - a +0 scale mail (melded)
 c - a +0 buckler (worn)
 f - a +0 tower shield
 l - a +2 cloak
 w - a +1 cloak of stealth (melded)
Jewellery
 s - an amulet of faith
 v - an amulet of guardian spirit (around neck)
Wands
 q - a wand of polymorph (7)
 D - a wand of digging (2)
Scrolls
 e - a scroll of revelation
 h - 2 scrolls of immolation
 i - a scroll of enchant armour
 n - a scroll of brand weapon
 o - a scroll of torment {unknown}
 t - 2 scrolls of teleportation
Potions
 d - 5 potions of might
 g - 2 potions of lignification
 j - 3 potions of invisibility
 k - a potion of degeneration {unknown}
 r - a potion of enlightenment {unknown}
 u - a potion of mutation {unknown}


   Skills:
 + Level 9.2 Fighting
 + Level 8.8 Axes
 - Level 3.6 Armour
 + Level 7.7 Dodging
 + Level 9.3 Shields


You had 8 spell levels left.
You didn't know any spells.
Your spell library contained the following spells:

 Spells                   Type           Power      Damage    Failure   Level
 Magic Dart               Conj           0%         1d3       52%         1
 Shock                    Conj/Air       0%         1d3       52%         1
 Static Discharge         Conj/Air       0%         2-2/arc   67%         2
 Inner Flame              Hex/Fire       0%         N/A       88%         3
 Mephitic Cloud           Conj/Pois/Air  0%         N/A       88%         3
 Airstrike                Air            0%         2d(0-16)  99%         4
 Arcjolt                  Conj/Air       0%         1d10      100%        5
 Borgnjor's Vile Clutch   Necr/Erth      0%         N/A       100%        5
 Orb of Destruction       Conj           0%         9d5       100%        7
 Call Imp                 Summ           Unusable   N/A       N/A         2
 Animate Dead             Necr           Unusable   N/A       N/A         4
 Summon Lightning Spire   Summ/Air       Unusable   N/A       N/A         4
 Death Channel            Necr           Unusable   N/A       N/A         6

Dungeon Overview and Level Annotations

Branches:
Dungeon (8/15)             Temple (1/1) D:4
   Lair: D:8-11

Altars:
Cheibriados
Elyvilon
Fedhas
Gozag
Kikubaaqudgha
Nemelex Xobeh
Okawaru
Qazlal
Ru
Trog
Uskayaw
Vehumet
Wu Jian
Xom
Yredelemnul
The Shining One

Annotations:
D:7 Amaemon


Innate Abilities, Weirdness & Mutations

You are a tree.
Your roots penetrate the ground, keeping you stationary.
You cannot be teleported.
You are immune to unholy pain and torment.
Your maximum health is greatly increased.
Your equipment is partially melded.
((You have a pair of horns on your head.))
((You reflexively headbutt those who attack you in melee.))


Message History

Amaemon is almost dead.
You feel very sick.
Amaemon hits you with the +8 whip "Snakebite" {venom, curare, rPois}.
* * * LOW HITPOINT WARNING * * *
Amaemon misses you. Amaemon tail-slaps you.
* * * LOW HITPOINT WARNING * * *
You are confused.
You feel invigorated.
You feel very sick.
Amaemon hits you with the +8 whip "Snakebite" {venom, curare, rPois}!
* * * LOW HITPOINT WARNING * * *
You are lethally poisoned!
Amaemon claws you.
* * * LOW HITPOINT WARNING * * *
Amaemon misses you.
You take 19 damage, and have 10/83 hp. !!!!--MASSIVE DAMAGE--!!!!
* * * LOW HITPOINT WARNING * * *
You feel very sick.
Amaemon hits you with the +8 whip "Snakebite" {venom, curare, rPois}.
* * * LOW HITPOINT WARNING * * *
You are more poisoned.
Amaemon closely misses you. x2
Unknown command.
You take 5 damage, and have 5/83 hp.
It was a potion of attraction.
You feel attractive to monsters.
* * * LOW HITPOINT WARNING * * *
You feel extremely sick.
Amaemon hits you with the +8 whip "Snakebite" {venom, curare, rPois}.
You are more poisoned.
Amaemon misses you.
Amaemon tail-slaps you but does no damage.
You take 4 damage, and have 1/83 hp.
You now have 3/8 mp.
You turn into a tree.
Your +1 cloak of stealth melds into your body.
Your +0 scale mail melds into your body.
You feel less stealthy.
Your roots penetrate the ground.
You feel less invigorated.
You feel less confused.
You die...

##### ##### ### ###
###.#.####...#########.###.####
#......................#...#...
#.#...........♣6...<.....#.#.##
#.###..#.......>.......###.#.#
#...))...................#.#.#
####.).....#.#############.#.#'##
...'.......+...............#.....
####.......#.###############.....
####....................####.....
#.....................#......#'##
#.......#'#...........########...


You could see Amaemon (very poisoned).

Vanquished Creatures
  A hornet (D:7)
  Sigmund (D:3)
  A slime creature (D:7)
  A steam dragon (D:8)
  Edmund (D:4)
  An acid dragon (D:7)
  A water moccasin (D:6)
  2 sky beasts (D:7)
  2 black bears
  2 ice beasts
  An ogre (D:7)
  A centaur (D:7)
  4 bullfrogs
  A kobold brigand (D:7)
  A gnoll sergeant (D:5)
  2 scorpions
  7 wights
  A howler monkey (D:7)
  3 hounds
  6 jellies
  An orc priest (D:4)
  Natasha (D:4)
  A gnoll bouda (D:6)
  Crazy Yiuf (D:4)
  3 iguanas
  5 orc wizards (D:4)
  2 sleepcaps
  14 gnolls
  A river rat (D:7)
  8 adders
  2 shadow imps
  A white imp (D:6)
  2 worms
  3 dart slugs
  23 orcs
  8 ball pythons
  6 endoplasms
  A giant cockroach (D:3)
  13 goblins
  6 hobgoblins
  15 jackals
  3 quokkas
  4 bats
  4 frilled lizards
  6 kobolds
  3 rats (D:1)
177 creatures vanquished.

Notes
Turn   | Place    | Note
-------+----------+-------------------------------------------
     0 | D:1      | Iich the Minotaur Fighter began the quest for the Orb.
     0 | D:1      | Reached XP level 1. HP: 19/19 MP: 0/0
   218 | D:1      | Reached XP level 2. HP: 27/27 MP: 1/1
   304 | D:1      | Reached skill level 1 in Dodging
   708 | D:1      | Reached XP level 3. HP: 33/33 MP: 2/2
  1485 | D:3      | Reached XP level 4. HP: 36/40 MP: 3/3
  1685 | D:3      | Identified the +8 dagger "Guuntis" {venom, Dex+3 Stlth+}
  2013 | D:4      | Noticed Sigmund
  2027 | D:3      | Killed Sigmund
  2028 | D:3      | Reached skill level 5 in Fighting
  2028 | D:3      | Reached skill level 5 in Shields
  2028 | D:3      | Reached XP level 5. HP: 27/48 MP: 4/4
  2028 | D:3      | Reached XP level 6. HP: 32/56 MP: 5/5
  2043 | D:3      | HP: 2/56 [poisoned by an adder]
  2809 | D:4      | Found a staircase to the Ecumenical Temple.
  2849 | Temple   | Entered the Ecumenical Temple
  3051 | Temple   | Became a worshipper of Warmaster Okawaru
  3146 | D:4      | Noticed Natasha
  3151 | D:4      | Killed Natasha
  3263 | D:3      | Reached XP level 7. HP: 41/62 MP: 6/6
  3337 | D:4      | Reached skill level 5 in Axes
  3360 | D:4      | Found a runed translucent door.
  3361 | D:4      | Noticed Crazy Yiuf
  3617 | D:4      | Killed Crazy Yiuf
  3773 | D:5      | Entered Level 5 of the Dungeon
  3775 | D:5      | Noticed Edmund
  3836 | D:4      | Killed Edmund
  3836 | D:4      | Reached * piety under Okawaru
  4175 | D:5      | Reached XP level 8. HP: 51/71 MP: 7/7
  4247 | D:5      | Got the Treatise on Force and the Blaze
  4361 | D:5      | Reached skill level 5 in Dodging
  4630 | D:5      | Found a white marble altar of Elyvilon.
  4630 | D:5      | Found a hide-covered altar of Uskayaw.
  4638 | D:5      | Found a blossoming altar of Fedhas.
  4641 | D:5      | Found a faded altar of an unknown god.
  4643 | D:5      | Found an ancient bone altar of Kikubaaqudgha.
  4998 | D:6      | Reached ** piety under Okawaru
  5844 | D:7      | Noticed a hornet
  5851 | D:7      | Killed a hornet
  5852 | D:7      | Reached XP level 9. HP: 81/81 MP: 8/8
  6510 | D:7      | Identified the staff of the Forest {rF+ Will+ Earth}
  6553 | D:7      | Reached *** piety under Okawaru
  7690 | D:8      | Noticed Amaemon
  7691 | D:8      | Noticed an orange demon
  7940 | D:7      | HP: 1/83 [poisoned by Amaemon]
  7941 | D:7      | Succumbed to Amaemon's poison

Illustrated notes

Levels and vault maps discovered:
D:1:      dpeg_arrival_snail, layout_loops_cross
D:2:      layout_loops_ring, grunt_ministairs_3, guppyfry_early_orc_mine
D:3:      layout_basic
D:4:      layout_rooms, minmay_temple_entry_wispy, uniq_crazy_yiuf_cottage,
          uniq_sigmund, uniq_natasha
D:5:      layout_loops_cross, chequers_temple_overflow_minitemple, uniq_edmund
D:6:      layout_cave_pods
D:7:      nzn_winding_woodlands_cross [nzn_winding_woodlands_5x15_concentric,
          nzn_winding_woodlands_5x15_twine, nzn_winding_woodlands_5x15_parted,
          nzn_winding_woodlands_5x15_zeroes,
          nzn_winding_woodlands_15x15_eel_pit], layout_basic
D:8:      layout_cave_pools, grunt_temple_overflow_order_and_chaos_2,
          mainiacjoe_overflow_small_starburst, nicolae_have_a_lightning_rod,
          uniq_amaemon, uniq_psyche
Temple:   nicolae_temple_slightly_damp_pantheon

Skill      XL: |  1  2  3  4  5  6  7  8  9 |
---------------+----------------------------+-----
Dodging        | 1 3 4 6 7 |  7.7
Fighting       | 4 5 6 8 9 |  9.2
Shields        | 4 5 6 8 9 |  9.3
Axes           | 3 4 6 7 8 |  8.8
Armour         | |  3.6

Action                     |  1- 3 |  4- 6 |  7- 9 || total
---------------------------+-------+-------+-------++-------
  Melee: War axe           |    96 |   103 |   229 ||   428
         Headbutt          |     6 |    20 |    54 ||    80
 Invoke: Heroism           |       |       |     2 ||     2
  Evoke: Wand              |       |       |     6 ||     6
    Use: Potion            |       |     5 |     4 ||     9
         Scroll            |       |     4 |     4 ||     8
   Stab: Invisible         |       |     1 |       ||     1
 Armour: Scale mail        |    58 |   103 |   197 ||   358
  Dodge: Dodged            |    41 |    66 |   148 ||   255
  Block: Buckler           |    19 |    31 |    74 ||   124

Table legend: (Time is in decaauts)
 A = Elapsed time spent in this place.
 B = Non-inter-level travel time spent in this place.
 C = Inter-level travel time spent in this place.
 D = Time resting spent in this place.
 E = Time spent auto-exploring this place.
 F = Levels seen in this place.
 G = Mean time per level.
                   A        B        C        D        E       F      G
               +--------+--------+--------+--------+--------+-----+--------+
         Total |   8062 |   7833 |    229 |   1852 |   4606 |   9 |  895.8 |
       Dungeon |   7832 |   7603 |    229 |   1852 |   4606 |   8 |  979.0 |
        Temple |    230 |    230 |      0 |      0 |      0 |   1 |  230.0 |
               +--------+--------+--------+--------+--------+-----+--------+

Top non-repeatable levels by time:
     D:7: 2183 daAuts
     D:3: 1234 daAuts
     D:4: 1083 daAuts
     D:6: 932 daAuts
     D:5: 854 daAuts
     D:1: 834 daAuts
     D:2: 680 daAuts
  Temple: 230 daAuts
     D:8: 28 daAuts
